 Dungeon Crawl Stone Soup version 0.30-a0-743-gbfdf073431 (webtiles) character file.

Game seed: 16947331869531404969

251 tio the Grave Robber (level 5, 0/35 HPs)
             Began as a Demonspawn Necromancer on Feb 8, 2023.
             Killed from afar by Natasha (17 damage)
             ... with a bolt of dispelling energy
             ... on level 2 of the Dungeon.
             The game lasted 00:10:40 (1998 turns).

tio the Grave Robber (Demonspawn Necromancer)       Turns: 1998, Time: 00:10:40

Health: 0/35       AC:  3    Str: 11    XL:     5   Next: 88%
Magic:  16/20      EV: 12    Int: 16    God:
Gold:   79         SH:  0    Dex: 13    Spells: 11/12 levels left

rFire   + . .      SeeInvis .    i - +1 dagger (venom)
rCold   . . .      Faith    .    (no shield)
rNeg    . . .      Spirit   .    d - +1 robe
rPois   .          Reflect  .    (no helmet)
rElec   .          Harm     .    (no cloak)
rCorr   .          Rampage  .    (no gloves)
Will    .....                    (no boots)
Stlth   ++                       (no amulet)
HPRegen 0.25/turn                f - ring of protection from fire
MPRegen 0.34/turn                k - ring of magical power

@: no status effects
A: hooves 1, magic regeneration, demonic touch 1
a: no special abilities


You were on level 2 of the Dungeon.
You visited 1 branch of the dungeon, and saw 2 of its levels.

You collected 79 gold pieces.

Inventory:

Hand Weapons
 c - a +0 whip
 i - a +1 dagger of venom (weapon)
Armour
 d - a +1 robe (worn)
 e - a +0 scale mail
Jewellery
 a - an amulet of reflection
 f - a ring of protection from fire (left hand)
 k - a ring of magical power (right hand)
 l - a ring of resist corrosion
Scrolls
 g - 2 scrolls of identify
 h - 2 scrolls of enchant weapon
 j - a scroll of amnesia {unknown}
 m - a scroll of blinking {unknown}
Potions
 b - a potion of magic


   Skills:
 + Level 1.9 Dodging
 + Level 2.1 Stealth
 + Level 4.0 Spellcasting
 + Level 6.4 Necromancy


You had 11 spell levels left.
You knew the following spells:

 Your Spells              Type           Power      Damage    Failure   Level
a - Necrotise             Necr           92%        1d8       1%          1

Your spell library contained the following spells:

 Spells                   Type           Power      Damage    Failure   Level
 Vampiric Draining        Necr           23%        2d7       3%          3
 Animate Dead             Necr           23%        N/A       12%         4
 Agony                    Necr           23%        N/A       32%         5
 Ozocubu's Armour         Ice            3%         N/A       45%         3
 Metabolic Englaciation   Hex/Ice        1%         N/A       99%         5
 Simulacrum               Ice/Necr       6%         N/A       100%        6


Dungeon Overview and Level Annotations

Branches:
Dungeon (2/15)

Altars:

Shops:
D:1 :

Annotations:
D:2 Natasha


Innate Abilities, Weirdness & Mutations

You have large cloven feet.
You regenerate magic rapidly.
Your touch may inflict minor irresistible damage on your foes.


Message History

You feel disoriented.
Natasha writhes in agony.
Natasha casts a spell.
The shadow imp is unaffected.
The shadow imp is unaffected.
Natasha mewls in sadness.
Natasha zaps a wand.
The bolt of dispelling energy hits you!
The shadow imp hits you but does no damage.
The shadow imp is unaffected.
The shadow imp gestures at you. Pain shoots through your body!
You are too injured to fight recklessly!
You are too injured to fight recklessly!
You are too injured to fight recklessly!
You are too injured to fight recklessly!
You hit Natasha.
Natasha is poisoned.
Your kick misses Natasha.
Natasha is severely wounded.
Natasha closely misses you. The shadow imp barely misses you.
The crimson imp summons a swarm of flies.
The crimson imp blinks!
You barely miss Natasha. Your kick misses Natasha.
Natasha is severely wounded.
You kill Natasha!
Natasha screams in pain as she dies!
The crimson imp disappears in a puff of smoke!
The shadow imp disappears in a puff of smoke!
Your Spellcasting skill increases to level 4!
Natasha, Servant of Life and Death comes into view.
She is carrying a wand of quicksilver (6).
You are too injured to fight recklessly!
You are too injured to fight recklessly!
You are too injured to fight recklessly!
You are too injured to fight recklessly!
You start putting on your amulet.
You continue putting on your amulet of reflection. x2
Natasha zaps a wand.
Keep equipping yourself? [Y]es or [N]o only, please.
Keep equipping yourself?
You stop putting on your amulet.
The bolt of dispelling energy hits you!
You die...

#.. #.##.# # #..
#.##.# .## #.# .....#
... ...... #+##.##
#.##.##.# .#.......
..##....##.#
#.#.......
.ยง.......#.#
#.#.......
##..#.#####.##.#....
#..@.........).#....
###......h.....+....
#.......##.# #....
#..#.##<...# #####
.#######..#.####..##
#... ..........#.#
##..# #...
..........#.#####..##
####
............#.......#
#.##
.############.####.##
#...


You could see Natasha.

Vanquished Creatures
  Sigmund (D:2)
  Natasha (D:2)
  3 adders (D:2)
  2 worms (D:2)
  5 endoplasms
  4 giant cockroaches
  2 hobgoblins (D:1)
  2 jackals (D:1)
  3 kobolds (D:1)
  5 quokkas
  8 ball pythons
  2 bats
  3 frilled lizards (D:1)
  2 goblins (D:2)
  2 rats (D:1)
45 creatures vanquished.

Notes
Turn   | Place    | Note
-------+----------+-------------------------------------------
     0 | D:1      | tio the Demonspawn Necromancer began the quest for the Orb.
     0 | D:1      | Reached XP level 1. HP: 13/13 MP: 3/3
   401 | D:1      | Discovered your monstrous ancestry.
   401 | D:1      | Gained mutation: You have large cloven feet. [demonic
                  | ancestry]
   401 | D:1      | Reached XP level 2. HP: 17/19 MP: 1/5
   575 | D:1      | Found Opse's Book Boutique.
   888 | D:1      | Reached skill level 5 in Necromancy
  1118 | D:1      | Gained mutation: Your touch may inflict minor irresistible
                  | damage on your foes. [demonic ancestry]
  1118 | D:1      | Reached XP level 3. HP: 24/24 MP: 6/6
  1745 | D:2      | Reached XP level 4. HP: 30/30 MP: 8/8
  1827 | D:2      | Noticed Sigmund
  1846 | D:2      | Killed Sigmund
  1847 | D:2      | Reached skill level 6 in Necromancy
  1847 | D:2      | Gained mutation: You regenerate magic rapidly. [demonic
                  | ancestry]
  1847 | D:2      | Reached XP level 5. HP: 26/35 MP: 10/10
  1986 | D:2      | Noticed Natasha
  1995 | D:2      | Killed Natasha
  1996 | D:2      | Noticed Natasha
  1998 | D:2      | Killed from afar by Natasha

Illustrated notes

Levels and vault maps discovered:
D:1:      saegor_arrival_simple_b, layout_loops_corners, serial_shops,
          nicolae_shop_temple_entry_statues_fountains
D:2:      layout_basic, uniq_sigmund, uniq_natasha

Skill      XL: |  1  2  3  4  5 |
---------------+----------------+-----
Necromancy     | 5 6 |  6.4
Stealth        | 2 |  2.1
Spellcasting   | 3 4 |  4.0
Dodging        | |  1.9

Action                     |  1- 3 |  4- 6 || total
---------------------------+-------+-------++-------
  Melee: Dagger            |    15 |     5 ||    20
         Unarmed           |     5 |       ||     5
         Kick              |     3 |     2 ||     5
         Touch             |       |     2 ||     2
   Cast: Necrotise         |    77 |    18 ||    95
    Use: Scroll            |     4 |       ||     4
         Potion            |       |     2 ||     2
 Armour: Robe              |     3 |     1 ||     4
  Dodge: Dodged            |    13 |     6 ||    19

Table legend: (Time is in decaauts)
 A = Elapsed time spent in this place.
 B = Non-inter-level travel time spent in this place.
 C = Inter-level travel time spent in this place.
 D = Time resting spent in this place.
 E = Time spent auto-exploring this place.
 F = Levels seen in this place.
 G = Mean time per level.
                   A        B        C        D        E       F      G
               +--------+--------+--------+--------+--------+-----+--------+
         Total |   1995 |   1967 |     28 |      0 |   1688 |   2 |  997.5 |
       Dungeon |   1995 |   1967 |     28 |      0 |   1688 |   2 |  997.5 |
               +--------+--------+--------+--------+--------+-----+--------+

Top non-repeatable levels by time:
     D:1: 1320 daAuts
     D:2: 675 daAuts
